WIN
ASHEVILLE TOURISTS @ SEATTLE (WIN) MARINERS
12/03/2049
 
TOP OF THE 1ST
Asheville Tourists batting - Pitching for Seattle (WIN) Mariners : RHP Kyle Wood
Pitching: RHP Kyle Wood
Batting: LHB Nick Martin 0-0: Ball
1-0: Ball
2-0: Called Strike
2-1: Swinging Strike
2-2: Ball
3-2: Foul Ball, location: 9LSF
3-2: Foul Ball, location: 2F
3-2: Foul Ball, location: 2F
3-2: Strikes out swinging
Batting: RHB Seisaburo Edagawa 0-0: Ball
1-0: Ball
2-0: Ball
3-0: Base on Balls
Batting: SHB Bobby Santor 0-0: Called Strike
0-1: Foul Ball, location: 3F
0-2: Strikes out swinging
Batting: RHB Wali Mulogo 0-0: Ball
Seisaburo Edagawa is caught stealing 2nd base 2-4
Top of the 1st over - 0 runs, 0 hits, 0 errors, 0 left on base; Asheville 0 - Seattle (WIN) 0
BOTTOM OF THE 1ST
Seattle (WIN) Mariners batting - Pitching for Asheville Tourists : LHP Domenic Wells
Pitching: LHP Domenic Wells
Batting: RHB Mike Conaway 0-0: SINGLE (Groundball, 6M, EV 78.1 MPH)
Batting: RHB Ryan Criollo 0-0: Bunt missed!
0-1: Called Strike
Mike Conaway steals 2nd base
0-2: Ball
1-2: Ball
2-2: Foul Ball, location: 5SF
2-2: SINGLE (Line Drive, 5D, EV 97.5 MPH)
Mike Conaway to third
Runner from 3rd tries for Home, throw by LF and OUT! 7-2
Ryan Criollo to second
Batting: RHB Kinzo Yokoyama 0-0: Ground out 6-3 (Groundball, 6, EV 105.6 MPH)
Ryan Criollo to third
Batting: RHB Chris Skaff 0-0: Ball
1-0: 2-RUN HOME RUN (Flyball, 9D, EV 105.0 MPH), Distance : 406 ft
Batting: RHB Josh Ruhl 0-0: Swinging Strike
0-1: Ball
1-1: Ball
2-1: Called Strike
2-2: Strikes out looking
Bottom of the 1st over - 2 runs, 3 hits, 0 errors, 0 left on base; Asheville 0 - Seattle (WIN) 2
TOP OF THE 2ND
Asheville Tourists batting - Pitching for Seattle (WIN) Mariners : RHP Kyle Wood
Batting: RHB Wali Mulogo 0-0: Called Strike
0-1: Ball
1-1: Called Strike
1-2: Strikes out looking
Batting: LHB Paul McClintock 0-0: Ball
1-0: Ball
2-0: Called Strike
2-1: Fly out, F8 (Line Drive, 8RD, EV 91.9 MPH)
Batting: SHB Craig Ruzic 0-0: Ball
1-0: Foul Ball, location: 5F
1-1: Ball
2-1: Foul Ball, location: 23FF
2-2: Ground out 4-3 (Groundball, 4M, EV 104.4 MPH)
Top of the 2nd over - 0 runs, 0 hits, 0 errors, 0 left on base; Asheville 0 - Seattle (WIN) 2
BOTTOM OF THE 2ND
Seattle (WIN) Mariners batting - Pitching for Asheville Tourists : LHP Domenic Wells
Batting: LHB Jawad Fahad 0-0: Ball
1-0: Ball
2-0: Hit by Pitch
Batting: RHB Chris Van Niel 0-0: Bunted foul
0-1: Ball
1-1: Ball
2-1: Called Strike
2-2: Foul Ball, location: 9LMF
2-2: Ball
3-2: Base on Balls
Jawad Fahad to second
Batting: RHB Sal Cervantes 0-0: Ball
1-0: Sac Bunt to 23 - play at first, batter OUT! 3-4
Jawad Fahad to third
Chris Van Niel to second
Batting: RHB Egidius Kruger 0-0: Called Strike
0-1: Called Strike
0-2: Ball
1-2: Fielders Choice at home, 6-2 (Groundball, 6, EV 87.5 MPH)
Chris Van Niel to third
Batting: RHB Mike Conaway 0-0: Foul Ball, location: 9LSF
0-1: Ball
1-1: Ball
2-1: Foul Ball, location: 7LDF
2-2: Ball
3-2: Foul Ball, location: 5F
3-2: Base on Balls
Egidius Kruger to second
Batting: RHB Ryan Criollo 0-0: Ball
1-0: Ball
2-0: Ball
3-0: Base on Balls
Chris Van Niel scores
Egidius Kruger to third
Mike Conaway to second
Batting: RHB Kinzo Yokoyama 0-0: Foul Ball, location: 3FF
0-1: Ball
1-1: Ball
2-1: Ball
3-1: Base on Balls
Egidius Kruger scores
Mike Conaway to third
Ryan Criollo to second
Batting: RHB Chris Skaff 0-0: Ball
1-0: SINGLE (Line Drive, 7LM, EV 104.4 MPH)
Mike Conaway scores
Ryan Criollo to third
Kinzo Yokoyama to second
Runner from 3rd tries for Home, SAFE, throw by LF to home
Pitching: LHP Jared Lummus
Batting: RHB Josh Ruhl 0-0: Called Strike
0-1: Ball
1-1: Foul Ball, location: 2F
1-2: Ball
2-2: Foul Ball, location: 2F
2-2: Fly out, F7 (Flyball, 78M, EV 98.1 MPH)
Bottom of the 2nd over - 4 runs, 1 hit, 0 errors, 2 left on base; Asheville 0 - Seattle (WIN) 6
TOP OF THE 3RD
Asheville Tourists batting - Pitching for Seattle (WIN) Mariners : RHP Kyle Wood
Batting: RHB Manny Thompson 0-0: Ball
1-0: Ball
2-0: Ground out 5-3 (Groundball, 56S, EV 82.5 MPH)
Batting: LHB Harry Folsom 0-0: DOUBLE (Line Drive, 5D, EV 100.0 MPH)
Batting: LHB Jerry Santana 0-0: Called Strike
Harry Folsom is caught stealing 3rd base 2-5
0-1: Ball
1-1: Ball
2-1: SINGLE (Groundball, 6MD, EV 95.6 MPH)
Batting: LHB Nick Martin 0-0: Swinging Strike
0-1: Ball
Jerry Santana is caught stealing 2nd base 2-6
Top of the 3rd over - 0 runs, 2 hits, 0 errors, 0 left on base; Asheville 0 - Seattle (WIN) 6
BOTTOM OF THE 3RD
Seattle (WIN) Mariners batting - Pitching for Asheville Tourists : LHP Jared Lummus
Batting: LHB Jawad Fahad 0-0: Ball
1-0: Foul Ball, location: 9LSF
1-1: Foul Ball, location: 2F
1-2: Ball
2-2: Ground out 3-1 (Groundball, 34S, EV 88.8 MPH)
Batting: RHB Chris Van Niel 0-0: Ball
1-0: Ground out 5-3 (Groundball, 56S, EV 88.8 MPH)
Batting: RHB Sal Cervantes 0-0: Swinging Strike
0-1: Ball
1-1: SINGLE (Line Drive, 6MD, EV 104.4 MPH)
Batting: RHB Egidius Kruger 0-0: Ball
1-0: Ball
2-0: Fly out, F9 (Flyball, 9, EV 87.5 MPH)
Bottom of the 3rd over - 0 runs, 1 hit, 0 errors, 1 left on base; Asheville 0 - Seattle (WIN) 6
TOP OF THE 4TH
Asheville Tourists batting - Pitching for Seattle (WIN) Mariners : RHP Kyle Wood
Batting: LHB Nick Martin 0-0: Ball
1-0: Ball
2-0: Foul Ball, location: 7LMF
2-1: Ball
3-1: Fly out, F8 (Flyball, 8RXD, EV 93.8 MPH)
Batting: RHB Seisaburo Edagawa 0-0: Ground out 5-3 (Groundball, 56, EV 99.4 MPH)
Batting: SHB Bobby Santor 0-0: Swinging Strike
0-1: Ball
1-1: Foul Ball, location: 7LSF
1-2: Ball
2-2: Strikes out swinging
Top of the 4th over - 0 runs, 0 hits, 0 errors, 0 left on base; Asheville 0 - Seattle (WIN) 6
BOTTOM OF THE 4TH
Seattle (WIN) Mariners batting - Pitching for Asheville Tourists : LHP Jared Lummus
Batting: RHB Mike Conaway 0-0: Fly out, F6 (Line Drive, 6, EV 73.1 MPH)
Batting: RHB Ryan Criollo 0-0: Ball
1-0: Fly out, F8 (Flyball, 8LXD, EV 103.8 MPH)
Batting: RHB Kinzo Yokoyama 0-0: Ball
1-0: Ball
2-0: Ball
3-0: Called Strike
3-1: Ground out U3 (Groundball, 3S, EV 82.5 MPH)
Bottom of the 4th over - 0 runs, 0 hits, 0 errors, 0 left on base; Asheville 0 - Seattle (WIN) 6
TOP OF THE 5TH
Asheville Tourists batting - Pitching for Seattle (WIN) Mariners : RHP Kyle Wood
Batting: RHB Wali Mulogo 0-0: Swinging Strike
0-1: Ball
1-1: Foul Ball, location: 5F
1-2: Strikes out swinging
Batting: LHB Paul McClintock 0-0: Swinging Strike
0-1: Called Strike
0-2: Foul Ball, location: 5F
0-2: Ball
1-2: Strikes out swinging
Batting: SHB Craig Ruzic 0-0: Swinging Strike
0-1: Fly out, F8 (Flyball, 8LM, EV 78.1 MPH)
Top of the 5th over - 0 runs, 0 hits, 0 errors, 0 left on base; Asheville 0 - Seattle (WIN) 6
BOTTOM OF THE 5TH
Seattle (WIN) Mariners batting - Pitching for Asheville Tourists : LHP Jared Lummus
Batting: RHB Chris Skaff 0-0: Fly out, F4 (Flyball, 34D, EV 83.8 MPH)
Batting: RHB Josh Ruhl 0-0: Ball
1-0: Ball
2-0: Called Strike
2-1: Swinging Strike
2-2: Strikes out looking
Batting: LHB Jawad Fahad 0-0: Called Strike
0-1: Swinging Strike
0-2: Strikes out swinging
Bottom of the 5th over - 0 runs, 0 hits, 0 errors, 0 left on base; Asheville 0 - Seattle (WIN) 6
TOP OF THE 6TH
Asheville Tourists batting - Pitching for Seattle (WIN) Mariners : RHP Kyle Wood
Batting: RHB Manny Thompson 0-0: Called Strike
0-1: Called Strike
0-2: Fly out, F9 (Line Drive, 89M, EV 96.9 MPH)
Batting: LHB Harry Folsom 0-0: Called Strike
0-1: Swinging Strike
0-2: Foul Ball, location: 3FF
0-2: Ball
1-2: Strikes out swinging
Batting: LHB Jerry Santana 0-0: Swinging Strike
0-1: Ball
1-1: Called Strike
1-2: Ball
2-2: SINGLE (Groundball, 6S, EV 70.0 MPH) (infield hit)
Batting: LHB Nick Martin 0-0: Called Strike
Jerry Santana is caught stealing 2nd base 2-6
Top of the 6th over - 0 runs, 1 hit, 0 errors, 0 left on base; Asheville 0 - Seattle (WIN) 6
BOTTOM OF THE 6TH
Seattle (WIN) Mariners batting - Pitching for Asheville Tourists : LHP Jared Lummus
Batting: RHB Chris Van Niel 0-0: Ball
1-0: Swinging Strike
1-1: Ground out 4-3 (Groundball, 34, EV 82.5 MPH)
Batting: RHB Sal Cervantes 0-0: Ground out 6-3 (Groundball, 6, EV 94.4 MPH)
Batting: RHB Egidius Kruger 0-0: Called Strike
0-1: Fly out, F8 (Flyball, 8LM, EV 97.5 MPH)
Bottom of the 6th over - 0 runs, 0 hits, 0 errors, 0 left on base; Asheville 0 - Seattle (WIN) 6
TOP OF THE 7TH
Asheville Tourists batting - Pitching for Seattle (WIN) Mariners : RHP Kyle Wood
Batting: LHB Nick Martin 0-0: Ball
1-0: Called Strike
1-1: Ball
2-1: Ball
3-1: Foul Ball, location: 2F
3-2: Base on Balls
Batting: RHB Seisaburo Edagawa 0-0: DOUBLE (Flyball, 8RXD, EV 104.4 MPH)
Nick Martin to third
Batting: SHB Bobby Santor 0-0: Ball
1-0: Fly out, F7 (Flyball, 7LM, EV 77.5 MPH)
Runner from 3rd tags up, SCORES, throw by LF
Batting: RHB Wali Mulogo 0-0: Ball
1-0: Ball
2-0: Ball
3-0: Called Strike
3-1: Swinging Strike
3-2: Foul Ball, location: 2F
3-2: Strikes out swinging
Batting: LHB Paul McClintock 0-0: Called Strike
0-1: Ball
1-1: Foul Ball, location: 3SF
1-2: Strikes out looking
Top of the 7th over - 1 run, 1 hit, 0 errors, 1 left on base; Asheville 1 - Seattle (WIN) 6
BOTTOM OF THE 7TH
Seattle (WIN) Mariners batting - Pitching for Asheville Tourists : LHP Jared Lummus
Batting: RHB Mike Conaway 0-0: Called Strike
0-1: Foul Ball, location: 2F
0-2: Ground out 5-3 (Groundball, 56, EV 101.9 MPH)
Batting: RHB Ryan Criollo 0-0: Foul Ball, location: 2F
0-1: Ball
1-1: Ground out U3 (Groundball, 3S, EV 85.0 MPH)
Batting: RHB Kinzo Yokoyama 0-0: Fly out, F8 (Flyball, 8LD, EV 91.9 MPH)
Bottom of the 7th over - 0 runs, 0 hits, 0 errors, 0 left on base; Asheville 1 - Seattle (WIN) 6
TOP OF THE 8TH
Asheville Tourists batting - Pitching for Seattle (WIN) Mariners : RHP Kyle Wood
Batting: SHB Craig Ruzic 0-0: Called Strike
0-1: Ball
1-1: Called Strike
1-2: Ball
2-2: Foul Ball, location: 2F
2-2: Ball
3-2: SINGLE (Line Drive, 78S, EV 84.4 MPH)
Batting: RHB Manny Thompson 0-0: Fly out, F8 (Flyball, 8LD, EV 104.4 MPH)
Batting: LHB Harry Folsom 0-0: Ball
1-0: Foul Ball, location: 2F
1-1: SINGLE (Groundball, 4MD, EV 98.1 MPH)
Craig Ruzic to second
Runner from 2nd tries for 3rd, SAFE, throw by CF made to third
Pitching: RHP Jose Rios
Batting: LHB Jerry Santana 0-0: Ball
1-0: Called Strike
1-1: Foul Ball, location: 7LSF
1-2: Ball
2-2: Strikes out swinging
Batting: LHB Nick Martin 0-0: Called Strike
0-1: Called Strike
0-2: Ball
1-2: Ball
2-2: Hit by Pitch
Harry Folsom to second
Pinch Hitting: LHB Luke Coulter 0-0: Called Strike
0-1: Ball
1-1: Ground out 4-3 (Groundball, 4, EV 83.1 MPH)
Top of the 8th over - 0 runs, 2 hits, 0 errors, 3 left on base; Asheville 1 - Seattle (WIN) 6
BOTTOM OF THE 8TH
Seattle (WIN) Mariners batting - Pitching for Asheville Tourists : LHP Jared Lummus
Now in LF: Dwane Reed
Batting: RHB Chris Skaff 0-0: Ball
1-0: Ball
2-0: Ball
3-0: Called Strike
3-1: Foul Ball, location: 25F
3-2: Foul Ball, location: 2F
3-2: Fly out, F8 (Flyball, 8LD, EV 100.6 MPH)
Batting: RHB Josh Ruhl 0-0: Ball
1-0: Called Strike
1-1: Swinging Strike
1-2: Ball
2-2: Fly out, F7 (Line Drive, 78M, EV 85.0 MPH)
Pitching: RHP Jerry Dunne
Batting: LHB Jawad Fahad 0-0: Ball
1-0: Foul Ball, location: 3F
1-1: Ground out 4-3 (Groundball, 34, EV 103.8 MPH)
Bottom of the 8th over - 0 runs, 0 hits, 0 errors, 0 left on base; Asheville 1 - Seattle (WIN) 6
TOP OF THE 9TH
Asheville Tourists batting - Pitching for Seattle (WIN) Mariners : RHP Jose Rios
Batting: SHB Bobby Santor 0-0: Ball
1-0: Ball
2-0: Foul Ball, location: 5F
2-1: Called Strike
2-2: Ball
3-2: SINGLE (Line Drive, 7S, EV 108.8 MPH)
Batting: RHB Wali Mulogo 0-0: Ball
1-0: Ball
2-0: Foul Ball, location: 7LDF
2-1: Ball
3-1: Base on Balls
Bobby Santor to second
Batting: LHB Paul McClintock 0-0: Ball
1-0: Foul Ball, location: 2F
1-1: Fly out, F7 (Flyball, 7, EV 91.3 MPH)
Batting: SHB Craig Ruzic 0-0: Called Strike
0-1: Ball
1-1: Fielders Choice at 2nd, 3-6 (Groundball, 3, EV 79.4 MPH)
Bobby Santor to third
Batting: RHB Manny Thompson 0-0: Called Strike
0-1: Swinging Strike
0-2: Ball
1-2: Strikes out swinging
Top of the 9th over - 0 runs, 1 hit, 0 errors, 2 left on base; Asheville 1 - Seattle (WIN) 6
Sunday, July 16th , 2023 - OOTP Baseball 24.6 Build 69